 Dungeon Crawl Stone Soup version 0.21.0-3-g78d12a8 (webtiles) character file.

106 mopl the Sneak (level 4, -4/24 HPs)
             Began as a Tengu Enchanter on Jan 11, 2018.
             Slain by a gnoll
             ... wielding a +0 halberd
              (19 damage)
             ... on level 2 of the Dungeon.
             The game lasted 00:03:19 (1901 turns).

mopl the Sneak (Tengu Enchanter)                    Turns: 1901, Time: 00:03:20

Health: -4/24      AC:  3    Str:  8    XL:     4   Next: 84%
Magic:  4/8        EV: 13    Int: 15    God:
Gold:   27         SH:  0    Dex: 16    Spells: 2/8 levels left

rFire    + . .     SeeInvis .   n - +1 short sword (venom)
rCold    . . .     Gourm    .   (no shield)
rNeg     . . .     Faith    .   j - +1 robe {rF+}
rPois    .         Spirit   .   (helmet restricted)
rElec    .         Reflect  .   (no cloak)
rCorr    .         Harm     .   (no gloves)
MR       .....                  (boots unavailable)
Stlth    +++.......             (no amulet)
HPRegen  0.08/turn              (no ring)
MPRegen  0.11/turn              (no ring)

@: no status effects
A: beak, talons 3
a: no special abilities


You were on level 2 of the Dungeon.
You were very hungry.

You visited 1 branch of the dungeon, and saw 2 of its levels.

You collected 27 gold pieces.

Inventory:

Hand Weapons
 a - a +1 dagger
 n - a +1 short sword of venom (weapon)
Missiles
 h - 10 poisoned needles
Armour
 j - a +1 robe of fire resistance (worn)
Scrolls
 e - a scroll of random uselessness {unknown}
 g - 4 scrolls of identify
 i - a scroll of enchant weapon {unknown}
 k - a scroll of fog {unknown}
 l - a scroll of magic mapping {unknown}
Potions
 f - a potion of agility
 m - a potion of curing
 o - a potion of berserk rage {!q}
Books
 c - a book of Maledictions

   Spells                             Type                      Level
   a - Corona                         Hexes                        1
   b - Ensorcelled Hibernation        Hexes/Ice                    2
   c - Confuse                        Hexes                        3
   d - Tukima's Dance                 Hexes                        3
   e - Dazzling Spray                 Conjuration/Hexes            3
Comestibles
 d - 4 rations


   Skills:
 - Level 2.0 Short Blades
 - Level 2.1 Dodging
 * Level 4.0 Stealth
 + Level 2.5 Spellcasting
 * Level 2.8 Hexes
 + Level 1.0 Ice Magic


You had 2 spell levels left.
You knew the following spells:

 Your Spells              Type           Power        Failure   Level  Hunger
a - Corona                Hex            ##.....      7%          1    #......
b - Ensorcelled Hibernat  Hex/Ice        #.....       14%         2    ###....
c - Confuse               Hex            ##......     21%         3    ###....


Dungeon Overview and Level Annotations

Branches:
Dungeon (2/15)

Altars:
Elyvilon


Innate Abilities, Weirdness & Mutations

You have a beak for a mouth.
You have claws for feet.


Message History

Unknown command.
The gnoll closely misses you.
You hit the gnoll but do no damage.
The gnoll is poisoned.
The gnoll hits you with a spear.
Casting: Ensorcelled Hibernation
Confirm with . or Enter, or press ? or * to list all spells.
Aiming: Ensorcelled Hibernation
Press: ? - help, Shift-Dir - straight line, f/p - gnoll
Aim: a gnoll, wielding a spear (lightly wounded, poisoned, chance to defeat MR: 48%)
The gnoll looks drowsy...
The gnoll hits you from afar with a spear.
The helpless gnoll fails to defend itself.
You puncture the gnoll!
You kill the gnoll!
The gnoll closely misses you.
There is a stone staircase leading up here.
You see here a kobold skeleton.
The gnoll hits you with a halberd!!
Ouch! That really hurt!
You die...

................g........#
.......................(.. .
............>.....g..###.. ..
.......................# . ...
.........#..........##.# ....
.........##..####..###.####...#.
.........##.## ##g###..........
............# ###g..............
.........######รท@.########......
#.####...#......### .....
#.##...#......### ....
#..#.####.....# ...
.........#....# ##
.........###### .........#
##########


You could see 2 gnolls.

Vanquished Creatures
  A crimson imp (D:2)
  3 adders (D:2)
  A gnoll (D:2)
  3 bats
  3 giant cockroaches (D:1)
  3 goblins
  6 hobgoblins
  2 jackals (D:1)
  3 frilled lizards
  7 kobolds
  A leopard gecko skeleton (D:2)
  3 rats
36 creatures vanquished.

Notes
Turn   | Place    | Note
-------+----------+-------------------------------------------
     0 | D:1      | mopl the Tengu Enchanter began the quest for the Orb.
     0 | D:1      | Reached XP level 1. HP: 10/10 MP: 4/4
   284 | D:1      | Reached XP level 2. HP: 15/15 MP: 6/6
   291 | D:1      | Learned a level 2 spell: Ensorcelled Hibernation
  1214 | D:2      | Reached XP level 3. HP: 15/19 MP: 2/7
  1387 | D:2      | Learned a level 3 spell: Confuse
  1411 | D:2      | Found a white marble altar of Elyvilon.
  1800 | D:2      | Reached XP level 4. HP: 22/24 MP: 5/8
  1809 | D:2      | Reached skill level 2 in Short Blades
  1846 | D:2      | Reached skill level 4 in Stealth
  1846 | D:2      | Reached skill level 1 in Ice Magic
  1901 | D:2      | Slain by a gnoll

Skill      XL: |  1  2  3  4 |
---------------+-------------+-----
Short Blades   | 2 |  2.0
Stealth        | 4 |  4.0
Ice Magic      | 1 |  1.0
Dodging        | |  2.1
Spellcasting   | |  2.5
Hexes          | |  2.8

Action                   |  1- 3 |  4- 6 || total
-------------------------+-------+-------++-------
Melee: Dagger            |    45 |       ||    45
       Kick              |    12 |       ||    12
       Peck              |     7 |       ||     7
       Short sword       |    34 |    10 ||    44
 Cast: Corona            |     4 |       ||     4
       Ensorcelled Hiber |    11 |     4 ||    15
  Use: Scroll            |     3 |       ||     3
 Stab: Sleeping          |    10 |     1 ||    11
  Eat: Chunk             |     3 |       ||     3
Armor: Robe              |     7 |     1 ||     8
Dodge: Dodged            |    50 |    14 ||    64
